Map: Blackpink LE

Players

Pain

  • Race: Terran Terran
  • Spawn Location: 7:00

A.I. 1 (Medium) - Winner!

  • Race: Protoss Protoss
  • Spawn Location: 1:00

VOD

Have the link to the VOD?

Description

Time

  • Played on: March 12, 2018, 2:39 a.m.
  • Length: 14:20
Show
View Real Time Build Order
Export as new Build Order

Pain Terran 

Build Orders:  

Get SALT Encoding   

  12  0:01  SCV  
  13  0:17  SCV  
  14  0:39  Supply Depot  
  14  0:52  Refinery  
  14  0:54  SCV  
  15  1:06  SCV  
  16  1:19  Barracks  
  16  1:38  SCV  
  17  1:50  SCV  
  18  2:02  SCV  
  19  2:14  SCV  
  19  2:27  Orbital Command  
  19  2:35  Reaper  
  20  2:55  Factory  
  20  3:00  SCV  
  21  3:10  Barracks Reactor  
  21  3:12  SCV  
  22  3:24  SCV  
  23  3:29  Supply Depot  
  23  3:51  SCV, Refinery  
  25  4:03  SCV  
  25  4:15  SCV  
  26  4:18  Factory  
  26  4:27  SCV  
  29  4:37  Hellion  
  31  4:39  SCV  
  30  4:51  SCV  
  31  4:57  Supply Depot  
  31  5:19  Hellion, Supply Depot, Marine x2  
  35  5:37  Marine x2  
  37  5:54  Marine  
  38  5:58  Factory Tech Lab  
  38  5:59  Factory Tech Lab  
  38  6:50  Command Center, Siege Tank  
  41  7:12  Armory  
  41  7:22  Siege Tank  
  34  7:45  Marine x2  
  33  7:55  Hellion  
  27  8:16  Hellion  
  22  8:41  Orbital Command  
  19  9:42  Supply Depot  
  19  10:04  Refinery  
  19  10:06  Refinery, Supply Depot  
  19  10:19  Hellion  
  21  10:27  SCV  
  22  10:28  Supply Depot  
  22  10:39  SCV  
  22  10:40  Hellion  
  25  10:44  Command Center  
  25  10:51  SCV, Supply Depot  
  26  11:02  Hellion  
  26  11:03  SCV  
  29  11:13  Barracks  
  29  11:15  SCV  
  27  11:23  Hellion  
  8  12:50  Supply Depot  
  7  13:13  Orbital Command, Supply Depot  
  7  13:22  Barracks  
  7  13:37  Supply Depot  
  7  13:43  Orbital Command  
  7  13:59  Supply Depot  
  7  14:10  Barracks  
Show
View Real Time Build Order
Export as new Build Order

A.I. 1 (Medium) Protoss - Winner!

Build Orders:  

Get SALT Encoding   

  12  0:00  Probe  
  13  0:13  Probe  
  14  0:20  Pylon  
  14  0:25  Probe  
  15  0:34  Probe  
  16  0:42  Probe  
  16  0:48  Assimilator  
  17  0:51  Gateway, Probe  
  18  0:58  Pylon  
  18  1:27  Gateway  
  18  1:32  Assimilator  
  18  1:37  Zealot  
  20  1:41  Cybernetics Core  
  20  1:55  Zealot  
  20  2:07  Pylon  
  22  2:19  Warp Gate, Stalker  
  24  2:39  Stalker  
  26  2:51  Stalker  
  26  3:00  Pylon  
  26  3:01  Probe  
  29  3:13  Probe  
  29  3:19  Adept  
  32  3:25  Forge, Probe  
  33  3:37  Probe  
  33  3:39  Stalker  
  36  3:50  Probe  
  36  3:52  Stalker  
  37  4:02  Probe  
  40  4:55  Probe  
  40  6:37  Probe  
  40  6:40  Sentry  
  40  6:42  Photon Cannon  
  40  6:45  Photon Cannon  
  43  6:50  Nexus, Pylon  
  43  6:53  Sentry  
  43  6:54  Robotics Facility  
  45  6:56  Stargate  
  45  6:58  Twilight Council  
  45  7:02  Gateway  
  45  7:05  Adept  
  45  7:07  Forge  
  47  7:12  Pylon  
  47  7:22  Stalker  
  47  7:40  Observer  
  48  7:44  Zealot  
  48  8:02  Observer  
  48  8:03  Probe  
  50  8:06  Probe  
  50  8:12  Assimilator  
  51  8:15  Probe  
  51  8:16  Pylon, Probe  
  51  8:18  Pylon  
  53  8:20  Assimilator  
  53  8:24  Probe  
  53  8:27  Probe  
  53  8:33  Probe  
  55  8:39  Probe  
  57  8:41  Photon Cannon  
  57  8:45  Probe, Photon Cannon  
  57  8:47  Photon Cannon  
  58  8:51  Probe  
  59  8:55  Probe  
  60  9:03  Probe x2  
  62  9:13  Probe  
  62  9:15  Probe  
  64  9:23  Probe  
  64  9:25  Probe  
  66  9:31  Probe  
  66  9:38  Probe  
  68  9:42  Probe  
  69  10:47  Protoss Ground Armor Level 1  
  69  11:02  Void Ray  
  69  11:08  Stalker x2  
  69  11:10  Protoss Ground Weapons Level 1  
  69  11:12  Warp Prism, Stalker x2  
  69  11:15  Gateway  
  75  11:20  Robotics Facility  
  75  11:21  Zealot  
  75  11:23  Pylon  
  77  11:26  Dark Shrine  
  77  11:40  Void Ray  
  81  11:48  Observer  
  81  11:49  Nexus  
  82  12:06  Warp Prism  
  84  13:02  Probe  
  86  13:05  Probe  
  86  13:08  Probe  
  86  13:10  Probe  
  86  13:12  Assimilator  
  87  13:14  Assimilator  
  87  13:17  Probe  
  87  13:18  Probe  
  89  13:24  Probe  
  91  13:28  Probe  
  91  13:30  Probe  
Tags
 
Matchup
PvT
Replay Pack
RP
Spawn Locations
Cross Positions
Add a new tag
Caveats
  • Supply blocks, unpowered buildings, or Contaminate may cause inaccurate times.
  • Supply counts are checked every 10 seconds.